 Dungeon Crawl Stone Soup version 0.23-a0-767-gdc19b93d68 (webtiles) character file.

52 Hercules1031 the Cudgeler (level 3, -2/36 HPs)
             Began as a Troll Monk on Jan 19, 2019.
             Slain by Grinder (5 damage)
             ... on level 3 of the Dungeon.
             The game lasted 00:03:58 (1341 turns).

Hercules1031 the Cudgeler (Troll Monk)              Turns: 1341, Time: 00:03:58

Health: -2/36      AC:  5    Str: 20    XL:     3   Next: 60%
Magic:  2/2        EV: 10    Int:  6    God:
Gold:   86         SH:  0    Dex: 12    Spells: 2/2 levels left

rFire    . . .     SeeInvis .   a - +0 mace
rCold    . . .     Gourm    +   (no shield)
rNeg     . . .     Faith    .   b - +0 robe
rPois    .         Spirit   .   (helmet restricted)
rElec    .         Reflect  .   (no cloak)
rCorr    .         Harm     .   (gloves unavailable)
MR       .....                  (boots unavailable)
Stlth    ++........             (no amulet)
HPRegen  0.52/turn              (no ring)
MPRegen  0.08/turn              (no ring)

@: very slightly contaminated
A: large, unfitting armour, claws 3, fast metabolism 3, gourmand, regeneration
1, shaggy fur 1, tough skin 2
a: no special abilities


You were on level 3 of the Dungeon.
You were not hungry.

You visited 1 branch of the dungeon, and saw 3 of its levels.

You collected 86 gold pieces.

Inventory:

Hand Weapons
 a - a +0 mace (weapon)
Armour
 b - a +0 robe (worn)
Scrolls
 f - 2 scrolls of remove curse
 h - a scroll of teleportation {unknown}
 i - 2 scrolls of identify {unknown}
Potions
 k - a potion of magic
Comestibles
 c - 2 rations


   Skills:
 + Level 2.8 Fighting
 * Level 3.5 Maces & Flails
 + Level 2.8 Dodging
 - Level 1.0 Stealth


You had 2 spell levels left.
You didn't know any spells.
Your spell library was empty.

Dungeon Overview and Level Annotations

Branches:
Dungeon (3/15)

Altars:
Elyvilon

Annotations:
D:3 Grinder


Innate Abilities, Weirdness & Mutations

You are too large for most types of armour.
You have claws for hands.
Your metabolism is lightning-fast.
You like to eat raw meat.
Your natural rate of healing is unusually fast.
You are covered in fur. (AC +1)
You have very tough skin. (AC +2)


Message History

You resist with significant effort. Grinder barely misses you.
Grinder hits you!
* * * LOW HITPOINT WARNING * * *
Grinder hits you but does no damage.
You can move again.
You sock Grinder!
Grinder is severely wounded.
Grinder gestures at you. You resist with significant effort.
You hit Grinder.
Grinder is severely wounded.
Grinder drinks a potion.
Grinder is healed!
Unknown command.
You hit Grinder but do no damage.
Grinder is lightly wounded.
Grinder hits you but does no damage. Grinder hits you!
* * * LOW HITPOINT WARNING * * *
You writhe in agony.
You die...

.##########
...5......#
.######5### #.#
##############.#
#....5@........#
#.##############
#.# #.# #.# #.#
#.# #.. #..


You could see Grinder.

Vanquished Creatures
  An ooze (D:2)
  2 dart slugs (D:1)
  A leopard gecko (D:2)
  A giant cockroach (D:1)
  5 goblins
  6 hobgoblins
  2 jackals (D:1)
  8 kobolds
  4 bats
  3 frilled lizards
  8 rats
41 creatures vanquished.

Notes
Turn   | Place    | Note
-------+----------+-------------------------------------------
     0 | D:1      | Hercules1031 the Troll Monk began the quest for the Orb.
     0 | D:1      | Reached XP level 1. HP: 22/22 MP: 0/0
   118 | D:1      | Reached skill level 3 in Maces & Flails
   118 | D:1      | Reached XP level 2. HP: 18/29 MP: 1/1
   409 | D:1      | Reached XP level 3. HP: 35/36 MP: 2/2
   734 | D:2      | Found a white marble altar of Elyvilon.
  1128 | D:2      | Found a faded altar of an unknown god.
  1278 | D:3      | Noticed Grinder
  1293 | D:3      | Paralysed by Grinder for 5 turns
  1323 | D:3      | Paralysed by Grinder for 6 turns
  1333 | D:3      | Paralysed by Grinder for 6 turns
  1341 | D:3      | Slain by Grinder

Vault maps used:
D:1:      saegor_arrival_simple_a, chequers_serial_rivers_micro_d,
          minmay_misc_feat_plants, serial_bayou_lake_a
D:2:      elyvilon_altar_5, chequers_ecumenical_altar_simple
D:3:      nicolae_ashenzari_panopticon, ebering_ghost_reflecting_pool,
          uniq_crazy_yiuf_cottage, uniq_grinder

Skill      XL: |  1 |
---------------+----+-----
Maces & Flails | 3 |  3.5
Fighting       | |  2.8
Dodging        | |  2.8
Stealth        | |  1.0

Action                   || total
-------------------------++-------
Melee: Mace              ||   151
  Use: Potion            ||     6
       Scroll            ||     2
 Stab: Sleeping          ||     5
  Eat: Chunk             ||     2
       Ration            ||     3
Armor: Robe              ||    77
Dodge: Dodged            ||   114

Table legend:
 A = Non-vault XP
 B = Vault XP
 C = Vault XP percentage of total XP
 D = Non-vault monster count
 E = Vault monster count
 F = Vault count percentage of total count
                 A         B        C        D         E       F
            +---------+---------+-------+---------+---------+-------
      Total |      75 |       0 |   0.0 |      41 |       0 |   0.0
            +---------+---------+-------+---------+---------+-------
        D:1 |      51 |       0 |   0.0 |      29 |       0 |   0.0
        D:2 |      24 |       0 |   0.0 |      12 |       0 |   0.0
            +---------+---------+-------+---------+---------+-------
